 Dungeon Crawl Stone Soup version 0.27.0-1-g7a089689b8 (webtiles) character file.

Game seed: 3505906122494983973

11249 mainiacjoe the Grappler (level 11, -6/99 HPs)
             Began as a Ghoul Monk on Aug 7, 2021.
             Was an Elder of Yredelemnul.
             Mangled by a komodo dragon (28 damage)
             ... on level 1 of the Lair of Beasts on Aug 8, 2021.
             The game lasted 00:33:11 (12795 turns).

mainiacjoe the Grappler (Ghoul Monk)               Turns: 12795, Time: 00:33:11

Health: -6/99      AC:  6    Str: 21    XL:     11   Next: 74%
Magic:  17/17      EV: 13    Int:  8    God:    Yredelemnul [****..]
Gold:   153        SH:  9    Dex: 11    Spells: 10/10 levels left

rFire    + . .     SeeInvis .     - Unarmed
rCold    + . .     Faith    .   P - +0 buckler
rNeg     + + +     Spirit   .   U - +0 leather armour of Efauz {Will+ Str+2}
rPois    ∞         Reflect  +   g - +2 helmet {Int+3}
rElec    .         Harm     .   (no cloak)
rCorr    .         Rampage  .   (no gloves)
Will     +....                  (no boots)
Stlth    ++........             i - amulet of reflection
HPRegen  0.00/turn              F - ring of protection from fire
MPRegen  0.15/turn              (no ring)

@: inhibited regen
A: claws 1, cold resistance 1, negative energy resistance 3, inhibited
regeneration, torment resistance 2
a: Renounce Religion, Recall Undead Slaves, Injury Mirror, Animate Dead, Drain
Life


You were on level 1 of the Lair of Beasts.
You worshipped Yredelemnul.
Yredelemnul was greatly pleased with you.
You visited 2 branches of the dungeon, and saw 11 of its levels.

You collected 723 gold pieces.
You spent 570 gold pieces at shops.

Inventory:

Hand Weapons
 b - a +0 hand crossbow
Missiles
 e - 6 atropa-tipped darts {=F}
 k - 29 bolts
 l - 6 boomerangs of dispersal {=F}
 x - 2 javelins
 A - 54 sling bullets
 B - 406 stones
 D - 97 arrows
 E - 11 curare-tipped darts {=F}
 J - a throwing net {=F}
 L - 55 poisoned darts (quivered)
Armour
 a - a +0 robe
 f - a +0 helmet
 g - a +2 helmet of intelligence (worn)
 m - a +3 ring mail
 z - a +2 ring mail of fire resistance
 H - +0 swamp dragon scales
 P - a +0 buckler (worn)
 S - +0 steam dragon scales
 U - the +0 leather armour of Efauz (worn) {Will+ Str+2}
   (You found it on level 1 of the Lair of Beasts)

   Str:       It affects your strength (+2).
   Will:      It increases your willpower.
Jewellery
 i - an amulet of reflection (around neck)
 F - a ring of protection from fire (left claw)
 R - a ring of fire
Wands
 r - a wand of acid (15)
 t - a wand of flame (59)
 v - a wand of digging (10)
Scrolls
 c - 4 scrolls of teleportation
 h - a scroll of blinking
 n - a scroll of summoning
 o - a scroll of fear
 p - 2 scrolls of magic mapping
 y - a scroll of immolation
 G - a scroll of torment
 K - a scroll of enchant weapon {unknown}
 O - a scroll of enchant armour {unknown}
 Q - 3 scrolls of fog
 V - a scroll of vulnerability {unknown}
Potions
 d - 5 potions of heal wounds
 j - 2 potions of might
 q - 5 potions of flight
 s - a potion of magic
 u - 3 potions of curing
 w - 2 potions of brilliance
 C - 2 potions of berserk rage {unknown}
 I - 3 potions of cancellation
 N - a potion of invisibility {unknown}
 T - a potion of haste {unknown}
Miscellaneous
 M - a phantom mirror (inert)


   Skills:
 - Level 10.0 Fighting
 - Level 5.0 Armour
 - Level 5.0 Dodging
 - Level 2.1 Stealth
 - Level 4.0 Shields
 + Level 11.2 Unarmed Combat
 - Level 10.4 Invocations


You had 10 spell levels left.
You didn't know any spells.
Your spell library contained the following spells:

 Spells                   Type           Power      Damage    Failure   Level
 Corpse Rot               Necr/Air       N/A        N/A       58%         2
 Dispel Undead            Necr           0%         3d6       99%         4
 Conjure Ball Lightning   Conj/Air       0%         3x3d6     100%        6
 Death Channel            Necr           0%         N/A       100%        6
 Dispersal                Tloc           0%         N/A       100%        6
 Discord                  Hex            0%         N/A       100%        8
 Disjunction              Tloc           0%         N/A       100%        8


Dungeon Overview and Level Annotations

Branches:
Dungeon (10/15)            Temple (0/1) D:7            Lair (1/6) D:9
    Orc: D:9-12

Altars:
Dithmenos
Gozag
Hepliaklqana
Kikubaaqudgha
Nemelex Xobeh
Trog
Wu Jian
Xom
Yredelemnul
Zin

Shops:
D:1 [   D:2 [?(   D:4 ?   D:8 [   D:9 ?[?   D:10 :

Annotations:
D:4 1 runed translucent door, ZombieSheep's ghost, amateur GnWn


Innate Abilities, Weirdness & Mutations

You thrive by killing the living.
You are immune to poison.
You have sharp fingernails.
Your flesh is cold resistant. (rC+)
You are immune to negative energy. (rN+++)
You do not regenerate when monsters are visible.
You are immune to unholy pain and torment.


Message History

Your flying skull is destroyed!
You block the komodo dragon's attack.
You scratch the komodo dragon.
The komodo dragon is lightly wounded.
The komodo dragon barely misses you.
You are too injured to fight recklessly!
You are too injured to fight recklessly!
You are too injured to fight recklessly!
You are too injured to fight recklessly!
You scratch the komodo dragon.
The komodo dragon is lightly wounded.
You block the komodo dragon's attack.
You closely miss the komodo dragon.
The komodo dragon is lightly wounded.
The komodo dragon closely misses you.
You scratch the komodo dragon but do no damage.
The komodo dragon is lightly wounded.
You claw the komodo dragon!
The komodo dragon is heavily wounded.
The komodo dragon closely misses you.
You claw the komodo dragon!
The komodo dragon is severely wounded.
The komodo dragon bites you.
You barely miss the komodo dragon.
The komodo dragon is severely wounded.
The komodo dragon bites you!!
* * * LOW HITPOINT WARNING * * *
You scratch the komodo dragon but do no damage.
The komodo dragon is severely wounded.
The komodo dragon misses you.
You claw the komodo dragon!
The komodo dragon is almost dead.
You barely miss the komodo dragon.
The komodo dragon is almost dead.
The komodo dragon completely misses you.
You scratch the komodo dragon but do no damage.
The komodo dragon is almost dead.
The komodo dragon bites you!!
You die...
Yredelemnul claims you as an undead slave.

###.........#
###...........##
#..............#
##.............##
#.....#####....#
###.##### #....##
#....#..####...##
#.#..##....###..#
###...###.l@zz#.#
##.....#####z..#
#....#..####...#
##.............###
##..............#
#.............####
#................#
..................#
####................#


You could see a komodo dragon (ally target) and 3 friendly flying skulls.

Vanquished Creatures
  2 death yaks (D:8)
  Pikel (D:4)
  A black mamba (Lair:1)
  A centaur zombie (D:8)
  3 komodo dragons (Lair:1)
  Maggie (D:7)
  A rime drake (Lair:1)
  A kobold demonologist (D:8)
  3 trolls
  Grinder (D:4)
  Sigmund (D:3)
  A human (D:4)
  4 yaks
  A steam dragon (D:9)
  Edmund (D:4)
  An acid dragon (D:10)
  3 water moccasins
  2 orc warriors
  An ice beast (D:7)
  3 black bears
  A sky beast (D:6)
  3 ogres
  3 phantoms
  A lemure (D:4)
  10 kobold brigands
  A scorpion (D:4)
  2 bullfrogs
  3 gnoll sergeants
  9 killer bees
  2 wights
  4 jellies
  4 hounds
  A gnoll shaman (D:8)
  A human zombie (D:4)
  A bullfrog skeleton (D:7)
  A human skeleton (D:4)
  Terence (D:3)
  2 hell rats (D:9)
  Natasha (thrice) (D:4)
  4 iguanas
  16 orc wizards
  A killer bee zombie (D:6)
  A howler monkey zombie (D:8)
  16 gnolls
  6 adders
  2 river rats (D:9)
  3 shadow imps
  A white imp (D:4)
  An adder skeleton (D:4)
  2 dart slugs
  8 orcs
  6 ball pythons
  5 bats
  3 endoplasms
  4 giant cockroaches
  6 goblins
  8 hobgoblins
  13 jackals
  3 quokkas
  2 frilled lizards (D:1)
  31 kobolds
  2 kobold skeletons (D:8)
  3 kobold zombies
  5 rats
238 creatures vanquished.

Vanquished Creatures (collateral kills)
  A death yak (D:8)
  4 yaks (D:8)
  3 centaurs
  A kobold brigand (D:10)
  2 wights (D:8)
  5 killer bees
  A centaur skeleton (D:5)
  A hound (D:5)
  An orc priest (D:10)
  An orc wizard (D:6)
  An adder (D:6)
  3 gnolls (D:9)
  An orc (D:10)
  4 kobolds (D:10)
  8 kobold skeletons (D:8)
  6 kobold zombies (D:8)
43 creatures vanquished.

Vanquished Creatures (others)
  5 flying skulls
  A wight (D:9)
  A death yak zombie (D:8)
  A mummy (D:9)
  2 yak zombies (D:8)
  An adder zombie (D:6)
  A black bear skeleton (D:4)
  A dart slug zombie (D:5)
  9 gnoll zombies
  A hound skeleton (D:5)
  A jackal skeleton (D:4)
  10 killer bee zombies
  A kobold (D:7)
  22 kobold zombies
  2 ogre zombies (D:5)
  2 orc zombies (D:6)
  43 fungi (D:5)
104 creatures vanquished.

Grand Total: 385 creatures vanquished

Notes
Turn   | Place    | Note
-------+----------+-------------------------------------------
     0 | D:1      | mainiacjoe the Ghoul Monk began the quest for the Orb.
     0 | D:1      | Reached XP level 1. HP: 19/19 MP: 0/0
    32 | D:1      | Found Gyemiaj's Antique Armour Shop.
   425 | D:1      | Reached XP level 2. HP: 22/26 MP: 1/1
   855 | D:1      | Reached skill level 4 in Unarmed Combat
  1125 | D:1      | Reached XP level 3. HP: 33/33 MP: 2/2
  1257 | D:2      | Found Vaipeusu's Weapon Shop.
  1373 | D:2      | Found a faded altar of an unknown god.
  1596 | D:2      | Found Lugoas's Magic Scroll Shoppe.
  1611 | D:2      | Bought a scroll of fear for 35 gold pieces
  1611 | D:2      | Bought a scroll of identify for 20 gold pieces
  1719 | D:2      | Found Jaoprira's Armour Shop.
  1761 | D:2      | Reached XP level 4. HP: 40/40 MP: 3/3
  1892 | D:2      | Bought a scroll of magic mapping for 35 gold pieces
  2087 | D:3      | Noticed Terence
  2104 | D:3      | Killed Terence
  2105 | D:3      | Reached skill level 5 in Unarmed Combat
  2130 | D:3      | Reached XP level 5. HP: 47/47 MP: 4/4
  2199 | D:3      | Noticed Sigmund
  2212 | D:3      | HP: 1/47 [Sigmund (9)]
  2228 | D:3      | Killed Sigmund
  2229 | D:3      | Reached skill level 5 in Fighting
  2229 | D:3      | Reached skill level 6 in Unarmed Combat
  2229 | D:3      | Reached XP level 6. HP: 7/56 MP: 5/5
  2642 | D:4      | Noticed Edmund
  2643 | D:4      | Noticed Grinder
  2656 | D:4      | Killed Edmund
  2657 | D:4      | Reached skill level 7 in Unarmed Combat
  2665 | D:4      | Noticed Pikel
  2675 | D:4      | Killed Grinder
  2676 | D:4      | Reached skill level 8 in Unarmed Combat
  2676 | D:4      | Reached XP level 7. HP: 41/61 MP: 6/6
  2678 | D:4      | Killed Pikel
  2679 | D:4      | Reached skill level 10 in Unarmed Combat
  2679 | D:4      | Reached XP level 8. HP: 46/68 MP: 7/7
  2879 | D:4      | Reached skill level 1 in Armour
  2917 | D:4      | Found Sanayrr's Magic Scroll Boutique.
  2933 | D:4      | Bought a scroll of immolation for 49 gold pieces
  2933 | D:4      | Bought a scroll of noise for 14 gold pieces
  2979 | D:4      | Noticed Natasha
  2989 | D:4      | Killed Natasha
  3027 | D:4      | Noticed Natasha
  3037 | D:4      | Killed Natasha
  3130 | D:4      | Noticed Natasha
  3139 | D:4      | Killed Natasha
  3173 | D:4      | Found a runed translucent door.
  3174 | D:4      | Noticed ZombieSheep's ghost (amateur GnWn)
  3245 | D:4      | Found a sparkling altar of Nemelex Xobeh.
  3246 | D:4      | Found an opulent altar of Gozag.
  3341 | D:4      | Found a runed translucent door.
  3357 | D:4      | Found a basalt altar of Yredelemnul.
  3422 | D:4      | Became a worshipper of Yredelemnul the Dark
  3422 | D:4      | Reached * piety under Yredelemnul
  3422 | D:4      | Reached ** piety under Yredelemnul
  3768 | D:2      | Bought a scroll of identify for 20 gold pieces
  3915 | D:5      | Entered Level 5 of the Dungeon
  3938 | D:5      | Reached skill level 1 in Invocations
  3960 | D:4      | Reached XP level 9. HP: 14/75 MP: 7/9
  4806 | D:5      | Found an ornate altar of the Wu Jian Council.
  4832 | D:5      | Found a shadowy altar of Dithmenos.
  5163 | D:6      | Found a shimmering altar of Xom.
  5164 | D:6      | Found a hazy altar of Hepliaklqana.
  5165 | D:6      | Noticed a spectral ugly thing
  5233 | D:6      | Found a bloodstained altar of Trog.
  5355 | D:6      | Reached skill level 5 in Dodging
  5487 | D:6      | Reached skill level 5 in Invocations
  5606 | D:2      | Bought a scroll of torment for 75 gold pieces
  6157 | D:2      | Bought a scroll of identify for 20 gold pieces
  6157 | D:2      | Bought a scroll of identify for 20 gold pieces
  6446 | D:7      | Reached *** piety under Yredelemnul
  6642 | D:7      | Found a staircase to the Ecumenical Temple.
  6642 | D:7      | Noticed Maggie
  6651 | D:7      | Killed Maggie
  6652 | D:7      | Reached XP level 10. HP: 76/88 MP: 13/13
  7315 | D:8      | Noticed a kobold demonologist
  7327 | D:8      | Found an ancient bone altar of Kikubaaqudgha.
  7340 | D:8      | Received a gift from Yredelemnul (a wight)
  7344 | D:8      | Noticed a rust devil
  7349 | D:8      | Killed a kobold demonologist
  7350 | D:8      | Reached skill level 5 in Armour
  7622 | D:8      | Reached **** piety under Yredelemnul
  7775 | D:8      | Received a gift from Yredelemnul (4 flying skulls)
  7877 | D:8      | Found Zygeat's Antique Armour Shoppe.
  8119 | D:8      | Bought a buckler for 130 gold pieces
  8507 | D:9      | Found Yploteasch's Armour Shoppe.
  8754 | D:9      | Reached skill level 1 in Shields
  8918 | D:9      | Found Cydol's Magic Scroll Shop.
  8944 | D:9      | Received a gift from Yredelemnul (a mummy)
  9009 | D:9      | Bought a scroll of fog for 32 gold pieces
  9036 | D:9      | Noticed a death yak
  9038 | D:9      | Noticed a death yak
  9041 | D:9      | Noticed a death yak
  9678 | D:8      | Killed a death yak
  9679 | D:8      | Reached XP level 11. HP: 80/97 MP: 17/17
  9877 | D:8      | Killed a death yak
  9878 | D:8      | Reached skill level 10 in Invocations
  9996 | D:8      | Killed a death yak
 10383 | D:9      | Found a staircase to the Lair.
 10436 | D:9      | Found Pyrhiumu's Magic Scroll Shoppe.
 10439 | D:9      | Bought a scroll of blinking for 120 gold pieces
 10883 | Lair:1   | Entered Level 1 of the Lair of Beasts
 11031 | D:10     | Entered Level 10 of the Dungeon
 11814 | D:10     | Found Cadoypte's Book Emporium.
 11945 | D:10     | Reached skill level 10 in Fighting
 12415 | Lair:1   | Identified the +0 leather armour of Efauz {Will+ Str+2}
 12750 | Lair:1   | Reached skill level 11 in Unarmed Combat
 12783 | Lair:1   | Received a gift from Yredelemnul (4 flying skulls)
 12795 | Lair:1   | Mangled by a komodo dragon

Illustrated notes

Levels and vault maps discovered:
D:1:      minmay_arrival_three_doors, layout_loops_ring, serial_shops, shop,
          minmay_misc_feat_enclosed
D:2:      cheibrodos_helix_gallery, layout_basic, serial_shops,
          nicolae_shop_crystal, shop, nicolae_diamond_shop,
          hellmonk_ecumenical_altar_lost_god, small_statue_intersection,
          cheibrodos_gnoll_hut
D:3:      layout_basic, uniq_sigmund, uniq_terence
D:4:      layout_rooms, dk_yredelemnul_ordeal, grunt_temple_overflow_opulence,
          ebering_ghost_reflecting_pool, serial_shops, kennysheep_little_box,
          chequers_jeans, uniq_natasha, uniq_grinder, uniq_edmund, uniq_pikel
D:5:      layout_gridville, mainiacjoe_overflow_catch_the_wave
D:6:      minmay_flawed_box, layout_loops_ring, regret_index_temple_of_mockery,
          lemuel_coloured_pillars_altar
D:7:      layout_gridville, minmay_temple_entry_sparse_star, uniq_maggie
D:8:      wander_kiku_kobolds, layout_basic, amcnicky_altar_gilded,
          serial_shops, shop
D:9:      layout_loops_ring, dpeg_lair_monsters, serial_shops,
          kennysheep_mini_moat, nicolae_inconvenience_store,
          nicolae_shop_temple_entry_statues_fountains
D:10:     layout_cave_pods, serial_shops, shop
Lair:1:   layout_cave_shapes, st_stairs_12, beast_lair_carwin_9

Skill      XL: |  1  2  3  4  5  6  7  8  9 10 11 |
---------------+----------------------------------+-----
Unarmed Combat | 4 5 6 8 10 11 | 11.2
Fighting       | 4 5 6 7 9 10 | 10.0
Armour         | 2 4 5 |  5.0
Dodging        | 4 5 |  5.0
Invocations    | 1 6 9 10 | 10.4
Shields        | 1 4 |  4.0
Stealth        | |  2.1

Action                   |  1- 3 |  4- 6 |  7- 9 | 10-12 || total
-------------------------+-------+-------+-------+-------++-------
Melee: Unarmed           |    76 |    82 |   236 |   479 ||   873
       Punch             |     1 |     3 |     8 |     8 ||    20
 Fire: Hand crossbow     |       |       |    60 |     9 ||    69
Throw: Stone             |   102 |    20 |       |       ||   122
       Boomerang         |       |    35 |    87 |    50 ||   172
       Dart              |       |       |       |    13 ||    13
       Javelin           |       |       |       |     2 ||     2
Invok: Animate Remains   |       |       |    12 |       ||    12
       Animate Dead      |       |       |     1 |    16 ||    17
       Drain Life        |       |       |       |     6 ||     6
       Recall Undead Sla |       |       |       |     1 ||     1
Evoke: Wand              |       |     3 |       |     3 ||     6
       Phantom mirror    |       |       |       |     1 ||     1
  Use: Scroll            |     2 |     1 |     7 |     4 ||    14
       Potion            |       |     1 |       |       ||     1
 Stab: Distracted        |       |       |     1 |     1 ||     2
Armor: Robe              |    12 |       |       |       ||    12
       Ring mail         |     4 |    21 |    94 |   170 ||   289
       Steam dragon scal |       |       |       |     8 ||     8
       Leather armour    |       |       |       |     4 ||     4
Dodge: Dodged            |    50 |    28 |    96 |   245 ||   419
Block: Other             |     7 |    10 |    38 |    46 ||   101
       Reflection        |     1 |       |     1 |    10 ||    12
       Buckler           |       |       |       |   148 ||   148
